AoeStats
← PunKY

Arabia

507578330Analyzed
1v1 RM · 12d ago on Sep 18, 2026· 50m 10s· 2 players
Game mode
Random Map
Map size
Tiny (2 player)
Population
200
Speed
Normal
Resources
Standard
Victory
Conquest
Starting age
Dark Age
Ending age
Imperial Age
RankedLock teamsTeams togetherTeam positionsShared explorationLock speedFull tech treeHidden civsTurbo modeCheats
Victory
Defeat
🇦🇷 Franks · Argentina
1253
+15
🇹🇷 Berbers · Türkiye
1242
-15
Sem
6:51 Loom
9:18 Feudal Age
14:08 Forging
15:39 Scale Barding Armor
20:35 Bloodlines
26:00 Castle Age
24:07 Gold Mining
24:03 Double-Bit Axe
27:32 Horse Collar
29:00 Chain Barding Armor
30:02 Husbandry
31:14 Stone Mining
32:36 Bow Saw
35:02 Fletching
35:12 Padded Archer Armor
35:54 Bodkin Arrow
38:14 Leather Archer Armor
38:49 Crossbowman
39:52 Ballistics
44:08 Imperial Age
45:55 Chemistry
44:42 Heavy Camel Rider
47:09 Town Watch
PunKY
6:45 Loom
10:08 Feudal Age
10:43 Double-Bit Axe
18:30 Gold Mining
20:37 Wheelbarrow
23:56 Castle Age
23:01 Forging
23:13 Scale Mail Armor
25:48 Iron Casting
28:24 Pikeman
31:41 Bow Saw
36:14 Chain Mail Armor
36:37 Town Watch
37:07 Hand Cart
36:48 Fletching
41:17 Imperial Age
39:03 Scale Barding Armor
39:00 Husbandry
40:21 Chain Barding Armor
41:44 Cavalier
43:46 Plate Barding Armor
43:42 Paladin
44:21 Halberdier
46:03 Blast Furnace
45:44 Plate Mail Armor
45:10 Bodkin Arrow
47:06 Conscription
47:20 Padded Archer Armor
47:23 Squires
47:08 Arson
49:22 Chemistry
48:43 Ballistics
48:19 Murder Holes
Connection lost

Rejoining the realm…

Still unreachable

The connection could not be restored.

Session expired

The server has moved on; the page needs a fresh start.